 Dungeon Crawl Stone Soup version 0.28.0-53-g5a82cb258f (webtiles) character file.

Game seed: 13185243884989927498

7361 cbfl8 the Cleaver (level 10, 0/92 HPs)
             Began as a Minotaur Berserker on Aug 20, 2022.
             Was an Elder of Trog.
             Slain by a vampire mosquito (8 damage)
             ... on level 10 of the Dungeon.
             The game lasted 00:09:37 (12004 turns).

cbfl8 the Cleaver (Minotaur Berserker)             Turns: 12004, Time: 00:09:37

Health: 0/92       AC: 20    Str: 22    XL:     10   Next: 91%
Magic:  9/9        EV:  9    Int: 10    God:    Trog [****..]
Gold:   364        SH:  0    Dex: 14    Spells: 9/9 levels left

rFire   + . .      SeeInvis .   B - +0 battleaxe (freeze)
rCold   . . .      Faith    +   (shield currently unavailable)
rNeg    . . .      Spirit   .   C - +0 plate armour
rPois   .          Reflect  .   (helmet restricted)
rElec   .          Harm     .   e - +1 cloak {Stlth+}
rCorr   .          Rampage  .   a - +2 pair of gloves
Will    .....                   (no boots)
Stlth   ..........              D - amulet of faith
HPRegen 0.25/turn               h - +6 ring of intelligence
MPRegen 0.11/turn               v - ring of protection from fire

@: on berserk cooldown, slowed, very slow
A: horns 2, retaliatory headbutt
a: Renounce Religion, Berserk, Trog's Hand, Brothers in Arms


You were on level 10 of the Dungeon.
You worshipped Trog.
Trog was greatly pleased with you.
You visited 1 branch of the dungeon, and saw 10 of its levels.

You collected 524 gold pieces.
You spent 160 gold pieces at shops.

Inventory:

Hand Weapons
 B - a +0 battleaxe of freezing (weapon)
Missiles
 q - 4 throwing nets
Armour
 a - a +2 pair of gloves (worn)
 e - a +1 cloak of stealth (worn)
 C - a +0 plate armour (worn)
Jewellery
 h - a +6 ring of intelligence (left hand)
 v - a ring of protection from fire (right hand)
 D - an amulet of faith (around neck)
Wands
 x - a wand of iceblast (5) (quivered)
 G - a wand of flame (13)
Scrolls
 c - a scroll of blinking
 i - a scroll of fear
 j - a scroll of fog
 k - 2 scrolls of torment
 l - 2 scrolls of summoning
 m - 2 scrolls of enchant weapon
 r - a scroll of enchant armour
 s - 2 scrolls of teleportation
 w - a scroll of noise
 y - a scroll of magic mapping
 A - a scroll of holy word
Potions
 d - 2 potions of heal wounds
 f - 3 potions of brilliance {unknown}
 g - 3 potions of flight {unknown}
 n - a potion of berserk rage {unknown}
 o - a potion of mutation {unknown}
 p - 3 potions of curing
 t - a potion of might {unknown}
 u - a potion of degeneration {unknown}
 z - a potion of cancellation {unknown}
 E - a potion of lignification {unknown}
 F - a potion of magic {unknown}


   Skills:
 * Level 9.6 Fighting
 + Level 10.9 Axes
 + Level 9.9 Armour
 * Level 7.4 Dodging
 + Level 1.5 Stealth
 + Level 3.0 Shields
 * Level 5.5 Evocations


You had 9 spell levels left.
You didn't know any spells.
Your spell library was empty.

Dungeon Overview and Level Annotations

Branches:
Dungeon (10/15)            Temple (0/1) D:6
   Lair: D:8-11         Orc: D:9-12

Altars:
Fedhas
Gozag
Hepliaklqana
Qazlal
Sif Muna
Uskayaw
Wu Jian
Xom

Shops:
D:6 ?   D:9 !


Innate Abilities, Weirdness & Mutations

You have a pair of horns on your head.
You reflexively headbutt those who attack you in melee.


Message History

Trog accepts your kill.
You hit the freezing wraith.
The freezing wraith hits you but does no damage.
The freezing wraith completely misses you.
You barely miss the freezing wraith. You headbutt the freezing wraith.
The freezing wraith is heavily damaged.
You feel sick.
You are no longer poisoned.
The freezing wraith hits you but does no damage. x2
You barely miss the freezing wraith.
The freezing wraith is heavily damaged.
You barely miss the freezing wraith.
The freezing wraith is heavily damaged.
The freezing wraith hits you.
* * * LOW HITPOINT WARNING * * *
The freezing wraith freezes you!
* * * LOW HITPOINT WARNING * * *
The freezing wraith hits you.
* * * LOW HITPOINT WARNING * * *
The freezing wraith drains your vigour!
You feel yourself slow down.
You completely miss the freezing wraith.
The freezing wraith is heavily damaged.
The freezing wraith closely misses you.
The freezing wraith hits you but does no damage.
You slice the freezing wraith!!
You destroy the freezing wraith!
Trog accepts your kill.
You rip and tear the barbed spikes from your body.
You feel a strong urge to attack something.
You feel your anger nearly subside.
You are no longer berserk.
You are exhausted.
You feel as though you will be slow longer.
A vampire mosquito comes into view.
The vampire mosquito buzzes angrily.
The vampire mosquito misses you. You furiously retaliate!
You headbutt the vampire mosquito! The vampire mosquito bites you.
* * * LOW HITPOINT WARNING * * *
The vampire mosquito draws strength from your injuries!
The vampire mosquito bites you!
You die...

########†.........
#<...[............
#.................
#..#####..........
#..# #.######...
#..# ..# .. #..#
#..# # #..####..#
#..@.....#
###.y....#
#.#.#..(.. #.#.#
...# #.#.# ...#
#.#.#.....
#.#.#..#..
#.#.......
#.#†..#..#


You could see a vampire mosquito.

Vanquished Creatures
  Harold (D:8)
  An ugly thing (D:10)
  A manticore (D:10)
  An unseen horror (D:6)
  A freezing wraith (D:10)
  A troll (D:5)
  A hornet (D:9)
  3 wraiths
  4 steam dragons
  A wyvern (D:9)
  A vampire mosquito (D:10)
  Duvessa (D:7)
  An acid dragon (D:9)
  An ice beast (D:6)
  2 orc warriors
  A sky beast (D:7)
  3 necrophages
  2 ogres (D:5)
  5 centaurs
  A kobold brigand (D:10)
  3 bullfrogs
  4 scorpions
  Dowan (D:7)
  8 killer bees
  10 wights
  2 howler monkeys
  3 centaur zombies
  A gnoll shaman (D:6)
  4 hounds
  A bullfrog skeleton (D:6)
  5 orc priests
  2 centaur skeletons (D:6)
  7 orc wizards
  Robin (D:3)
  10 gnolls
  A howler monkey skeleton (D:7)
  8 adders
  A shadow imp (D:6)
  4 ufetubi
  2 adder skeletons (D:4)
  2 worms
  3 dart slugs
  28 orcs
  6 endoplasms
  12 hobgoblins
  7 jackals
  11 kobolds
  2 quokkas
  7 ball pythons
  6 bats
  4 frilled lizards
  20 goblins
  6 rats
225 creatures vanquished.

Notes
Turn   | Place    | Note
-------+----------+-------------------------------------------
     0 | D:1      | cbfl8 the Minotaur Berserker began the quest for the Orb.
     0 | D:1      | Reached XP level 1. HP: 19/19 MP: 0/0
    88 | D:1      | Found a faded altar of an unknown god.
   317 | D:1      | Reached skill level 4 in Axes
   317 | D:1      | Reached XP level 2. HP: 24/27 MP: 1/1
   765 | D:1      | Reached ** piety under Trog
   846 | D:1      | Reached XP level 3. HP: 32/33 MP: 2/2
  2001 | D:3      | Reached XP level 4. HP: 41/41 MP: 3/3
  2733 | D:3      | Reached *** piety under Trog
  2829 | D:3      | Reached XP level 5. HP: 44/47 MP: 4/4
  2898 | D:3      | Noticed Robin
  2905 | D:3      | Reached skill level 5 in Fighting
  2909 | D:3      | Reached skill level 5 in Axes
  2911 | D:3      | Killed Robin
  3409 | D:4      | Reached skill level 1 in Evocations
  3416 | D:4      | Reached XP level 6. HP: 28/56 MP: 5/5
  3919 | D:4      | Found an ornate altar of the Wu Jian Council.
  4534 | D:4      | Found a stormy altar of Qazlal.
  4966 | D:5      | Entered Level 5 of the Dungeon
  4981 | D:5      | Reached skill level 6 in Axes
  5009 | D:5      | Reached XP level 7. HP: 43/61 MP: 6/6
  5153 | D:5      | Noticed a troll
  5164 | D:5      | Killed a troll
  5165 | D:5      | Reached skill level 5 in Armour
  5165 | D:5      | Reached skill level 1 in Shields
  5418 | D:5      | Found an opulent altar of Gozag.
  6100 | D:5      | Reached XP level 8. HP: 71/71 MP: 7/7
  6798 | D:6      | Found a hide-covered altar of Uskayaw.
  6798 | D:6      | Found a blossoming altar of Fedhas.
  6800 | D:6      | Found a shimmering blue altar of Sif Muna.
  6800 | D:6      | Found a hazy altar of Hepliaklqana.
  6857 | D:6      | Found a staircase to the Ecumenical Temple.
  6932 | D:6      | Reached skill level 1 in Stealth
  7101 | D:6      | Found Lomal's Magic Scroll Boutique.
  7108 | D:6      | Bought a scroll of teleportation for 45 gold pieces
  7108 | D:6      | Bought a scroll of identify for 30 gold pieces
  7229 | D:6      | Reached skill level 7 in Axes
  7450 | D:6      | Reached **** piety under Trog
  7810 | D:6      | Identified the +3 flail of Scorn {vorpal, rPois SInv}
  7980 | D:7      | Noticed Duvessa
  7980 | D:7      | Noticed Dowan
  7990 | D:7      | Killed Duvessa
  7991 | D:7      | Reached skill level 5 in Dodging
  7993 | D:7      | Killed Dowan
  8137 | D:7      | Reached XP level 9. HP: 49/79 MP: 8/8
  8162 | D:7      | Reached skill level 8 in Axes
  8475 | D:6      | Killed an unseen horror
  9205 | D:7      | Reached skill level 9 in Axes
  9801 | D:8      | Found a shimmering altar of Xom.
  9922 | D:8      | Noticed Harold
  9931 | D:8      | Killed Harold
  9932 | D:8      | Reached XP level 10. HP: 88/88 MP: 9/9
 10567 | D:9      | Found Yranum's Distillery.
 10574 | D:9      | Bought a potion of heal wounds for 85 gold pieces
 10596 | D:9      | Reached skill level 10 in Axes
 11060 | D:9      | Reached skill level 5 in Evocations
 11890 | D:10     | Entered Level 10 of the Dungeon
 11905 | D:10     | Noticed a red ugly thing
 11914 | D:10     | Killed a red ugly thing
 11977 | D:10     | Noticed a manticore
 11989 | D:10     | Killed a manticore
 12004 | D:10     | Slain by a vampire mosquito

Illustrated notes

Levels and vault maps discovered:
D:1:      mrwooster_arrival_statue, layout_basic,
          hellmonk_ecumenical_altar_zigzags, minmay_tetromino_s4
D:2:      layout_loops_corners
D:3:      kennysheep_goblin_castle, layout_rooms
D:4:      layout_basic, mainiacjoe_overflow_paths,
          nicolae_qazlal_eye_of_the_storm, serial_co_window_serial,
          co_window_of_opportunity_a, co_window_paths_a, co_window_corner_a,
          co_window_corner_a, co_window_corner_a, co_window_corner_a,
          co_window_paths_b, co_window_unsneaky_path_d, co_window_2corner,
          co_window_unsneaky_path_a, co_window_paths_d, co_window_sun,
          glass_columns_a, abandoned_shop
D:5:      layout_basic, nicolae_gozag_cash_rules_everything_around_me
D:6:      layout_loops_corners, mainiacjoe_overflow_alcove_3,
          minmay_temple_entry_statues_pillars, serial_shops,
          nicolae_shop_waterfront
D:7:      layout_loops_corners, uniq_duvessa
D:8:      layout_loops_ring, xom_teletrap_fun, uniq_harold
D:9:      layout_grid_maze, serial_shops, nicolae_shop_advertising_works
          [nicolae_subvault_shop_adworks]
D:10:     minmay_cut_squares, layout_loops_corners, makhleb_altar_promises_db,
          lair_entry_dummy, uniq_fannar

Skill      XL: |  1  2  3  4  5  6  7  8  9 10 |
---------------+-------------------------------+-----
Axes           | 4 5 6 7 9 10 | 10.9
Fighting       | 4 5 6 7 8 9 |  9.6
Armour         | 3 4 5 7 9 |  9.9
Dodging        | 3 4 5 6 7 |  7.4
Evocations     | 1 2 3 4 5 |  5.5
Shields        | 1 3 |  3.0
Stealth        | 1 |  1.5

Action                   |  1- 3 |  4- 6 |  7- 9 | 10-12 || total
-------------------------+-------+-------+-------+-------++-------
Melee: Hand axe          |    86 |   172 |   178 |       ||   436
       Headbutt          |     7 |    26 |    35 |    22 ||    90
       Punch             |     1 |       |       |       ||     1
       Battleaxe         |       |       |    28 |   104 ||   132
Invok: Berserk           |       |     1 |     7 |     2 ||    10
Evoke: Wand              |       |       |     8 |       ||     8
  Use: Scroll            |       |       |     9 |     5 ||    14
Armor: Scale mail        |    32 |    33 |       |       ||    65
       Chain mail        |       |    70 |   101 |       ||   171
       Plate armour      |       |       |    12 |   136 ||   148
Dodge: Dodged            |    53 |    79 |    83 |    79 ||   294
Block: Buckler           |       |    12 |    20 |       ||    32
